 Dungeon Crawl Stone Soup version 0.21.1-1-g345015f (webtiles) character file.

3906 Fang the Poker (level 10, -1/61 HPs)
             Began as a Gargoyle Fighter on May 8, 2018.
             Was a Believer of Makhleb.
             Slain by a killer bee (5 damage)
             ... on level 8 of the Dungeon.
             The game lasted 00:09:54 (7524 turns).

Fang the Poker (Gargoyle Fighter)                   Turns: 7524, Time: 00:09:54

Health: -1/61      AC: 18    Str: 23    XL:     10   Next: 20%
Magic:  10/10      EV: 11    Int:  9    God:    Makhleb [**....]
Gold:   480        SH:  0    Dex:  9    Spells: 9/9 levels left

rFire    . . .     SeeInvis .   q - +4 demon trident (venom)
rCold    . . .     Gourm    .   (no shield)
rNeg     + . .     Faith    .   b - +3 scale mail
rPois    ∞         Spirit   .   (no helmet)
rElec    +         Reflect  .   (no cloak)
rCorr    .         Harm     .   (no gloves)
MR       .....                  (no boots)
Stlth    ..........             (no amulet)
HPRegen  0.20/turn              u - ring of flight
MPRegen  0.12/turn              (no ring)

@: no status effects
A: negative energy resistance 1, electricity resistance, unbreathing,
petrification resistance, rot immunity, AC +7
a: Minor Destruction, Renounce Religion, Evoke Flight


You were on level 8 of the Dungeon.
You worshipped Makhleb.
Makhleb was pleased with you.
You were not hungry.

You visited 1 branch of the dungeon, and saw 9 of its levels.

You collected 480 gold pieces.

Inventory:

Hand Weapons
 a - a +0 war axe of freezing
 g - a +3 quarterstaff of chaos
 q - a +4 demon trident of venom (weapon)
Armour
 b - a +3 scale mail (worn)
 c - a +0 shield
Jewellery
 u - a ring of flight (left hand)
Wands
 l - a wand of scattershot (3)
 n - a wand of enslavement (5)
 o - a wand of paralysis (15)
 p - a wand of digging (14)
Scrolls
 e - 3 scrolls of teleportation
 i - a scroll of fear
 k - 2 scrolls of remove curse
 m - 3 scrolls of identify
 r - a scroll of magic mapping
 t - a scroll of amnesia
Potions
 d - 2 potions of might
 h - 3 potions of curing
 j - 3 potions of brilliance
 s - 2 potions of heal wounds
Comestibles
 f - 16 rations


   Skills:
 + Level 6.4 Fighting
 + Level 3.1(5.8) Axes
 + Level 7.7(8.5) Polearms
 + Level 4.7(7.2) Staves
 + Level 7.3 Armour
 + Level 3.9 Dodging
 + Level 1.8 Stealth
 + Level 5.1 Shields


You had 9 spell levels left.
You didn't know any spells.

Dungeon Overview and Level Annotations

Branches:
Dungeon (9/15)             Temple (0/1) D:4
   Lair: D:8-11         Orc: D:9-12

Altars:
Ashenzari
Cheibriados
Dithmenos
Elyvilon
Fedhas
Gozag
Hepliaklqana
Makhleb
Sif Muna
Uskayaw
Wu Jian
Xom
The Shining One
Beogh


Innate Abilities, Weirdness & Mutations

You are resistant to torment.
Your stone body is resilient. (AC +7)
You are immune to poison.
You resist negative energy. (rN+)
You are resistant to electric shocks. (rElec)
You can survive without breathing.
You are immune to petrification.
You are immune to rotting.


Message History

* * * LOW HITPOINT WARNING * * *
Unknown command.
You closely miss the killer bee.
The killer bee stings you but does no damage.
The killer bee barely misses you.
The killer bee stings you but does no damage. x2
The killer bee closely misses you.
Unknown command.
You puncture the killer bee!
The killer bee is poisoned.
The killer bee is heavily wounded.
The killer bee stings you but does no damage.
The killer bee barely misses you. The killer bee stings you.
* * * LOW HITPOINT WARNING * * *
The killer bee stings you.
* * * LOW HITPOINT WARNING * * *
The killer bee barely misses you.
You closely miss the killer bee.
The killer bee is almost dead.
The killer bee closely misses you. The killer bee stings you.
You die...

...........#####.# #.#
########.......#.# #.#
##..###.#.# #.#
#..##....# #.# #
#........# #.# #####
#...#....# #.# ....#
#...####.###.# ....#
#.[....yyy...# ###.#
##)#.####@##### #.#
##)...####.#
#.###..........#
###.##(.....#############
..........#.# #.........#
.........##.# #.#######.#
###.#.#.###.# #.# #.#
....#.#.# #.# #.# #.#
....#.#.# #.###.#### #.#


You could see 3 killer bees.

Vanquished Creatures
  The ghost of Pooter the Fighter, a journeyman GrBe of Trog (D:8)
  Psyche (D:8)
  Grum (D:8)
  3 ice beasts
  Duvessa (D:7)
  A black bear (D:8)
  2 orc warriors
  2 phantoms (D:7)
  2 ogres
  4 wolves (D:8)
  Dowan (D:7)
  2 scorpions
  3 killer bees
  A howler monkey (D:5)
  A centaur zombie (D:8)
  Crazy Yiuf (D:2)
  4 hounds
  A jelly (D:8)
  7 orc priests
  8 orc wizards
  Jessica (D:2)
  Terence (D:2)
  2 iguanas
  5 worker ants
  A hound zombie (D:5)
  2 howler monkey zombies (D:8)
  A worker ant zombie (D:5)
  3 gnolls (D:5)
  7 adders
  An ooze (D:4)
  An adder skeleton (D:4)
  3 worms (D:2)
  2 dart slugs
  4 leopard geckos
  52 orcs
  2 ball pythons
  10 bats
  5 giant cockroaches
  10 goblins
  7 hobgoblins
  5 jackals (D:2)
  2 quokkas (D:6)
  2 frilled lizards (D:3)
  13 kobolds
  A leopard gecko skeleton (D:8)
  8 rats
198 creatures vanquished.

Notes
Turn   | Place    | Note
-------+----------+-------------------------------------------
     0 | D:1      | Fang the Gargoyle Fighter began the quest for the Orb.
     0 | D:1      | Reached XP level 1. HP: 14/14 MP: 1/1
   118 | D:1      | Reached XP level 2. HP: 12/19 MP: 2/2
   379 | D:1      | Reached XP level 3. HP: 24/24 MP: 3/3
   701 | D:2      | Noticed Terence
   706 | D:2      | Killed Terence
   706 | D:2      | Reached skill level 1 in Dodging
   706 | D:2      | Reached XP level 4. HP: 29/29 MP: 4/4
   901 | D:2      | Noticed Jessica
   911 | D:2      | Killed Jessica
   911 | D:2      | Reached XP level 5. HP: 23/33 MP: 5/5
   980 | D:2      | Reached skill level 5 in Shields
  1307 | D:2      | Found a glowing golden altar of the Shining One.
  1307 | D:2      | Found a deep blue altar of Sif Muna.
  1312 | D:2      | Found a faded altar of an unknown god.
  1314 | D:2      | Found an opulent altar of Gozag.
  1315 | D:2      | Found a faded altar of an unknown god.
  1343 | D:2      | Found a runed door.
  1489 | D:2      | Noticed Crazy Yiuf
  1502 | D:2      | Killed Crazy Yiuf
  1972 | D:3      | Found a hazy altar of Hepliaklqana.
  1974 | D:3      | Found an ornate altar of the Wu Jian Council.
  1974 | D:3      | Found a hide-covered altar of Uskayaw.
  1976 | D:3      | Reached XP level 6. HP: 38/38 MP: 6/6
  1978 | D:3      | Found a snail-covered altar of Cheibriados.
  1978 | D:3      | Found a shattered altar of Ashenzari.
  1978 | D:3      | Found a shimmering altar of Xom.
  2541 | D:3      | Reached skill level 1 in Staves
  2541 | D:3      | Reached skill level 1 in Stealth
  3077 | D:4      | Found a burning altar of Makhleb.
  3081 | D:4      | Reached XP level 7. HP: 42/43 MP: 7/7
  3092 | D:4      | Became a worshipper of Makhleb the Destroyer
  3338 | D:4      | Found a white marble altar of Elyvilon.
  3339 | D:4      | Found a blossoming altar of Fedhas.
  3343 | D:4      | Found a shadowy altar of Dithmenos.
  3348 | D:4      | Found a burning altar of Makhleb.
  3440 | D:4      | Found a staircase to the Ecumenical Temple.
  3666 | D:5      | Entered Level 5 of the Dungeon
  4825 | D:6      | Reached * piety under Makhleb
  5013 | D:6      | Found an ornate altar of the Wu Jian Council.
  5025 | D:6      | Reached XP level 8. HP: 48/48 MP: 8/8
  5032 | D:6      | Reached skill level 5 in Armour
  5048 | D:6      | Found a runed door.
  5124 | D:6      | Reached skill level 5 in Fighting
  5403 | D:6      | Reached skill level 1 in Polearms
  5872 | D:6      | Found a roughly hewn altar of Beogh.
  5978 | D:7      | Noticed Duvessa
  5980 | D:7      | Noticed Dowan
  5992 | D:7      | Killed Duvessa
  5996 | D:7      | Killed Dowan
  6046 | D:7      | Found a snail-covered altar of Cheibriados.
  6548 | D:8      | Noticed Psyche
  6561 | D:8      | Reached XP level 9. HP: 41/55 MP: 9/9
  6573 | D:8      | Reached ** piety under Makhleb
  6582 | D:8      | Identified a scroll of acquirement
  7004 | D:8      | Noticed Pooter's ghost (journeyman GrBe)
  7044 | D:8      | Killed Pooter's ghost
  7055 | D:8      | Killed Psyche
  7162 | D:8      | Reached XP level 10. HP: 60/60 MP: 10/10
  7167 | D:8      | Noticed Grum
  7192 | D:8      | Killed Grum
  7524 | D:8      | Slain by a killer bee

Skill      XL: |  1  2  3  4  5  6  7  8  9 10 |
---------------+-------------------------------+-----
Axes           | 2 3 |  3.1
Dodging        | 1 2 3 |  3.9
Shields        | 4 5 |  5.1
Fighting       | 4 5 6 |  6.4
Armour         | 4 5 7 |  7.3
Staves         | 2 4 |  4.7
Stealth        | 1 |  1.8
Polearms       | 3 6 7 |  7.7

Action                   |  1- 3 |  4- 6 |  7- 9 | 10-12 || total
-------------------------+-------+-------+-------+-------++-------
Melee: War axe           |   124 |    88 |       |       ||   212
       Quarterstaff      |       |    95 |    66 |       ||   161
       Trident           |       |       |   202 |       ||   202
       Demon trident     |       |       |    86 |    61 ||   147
  Use: Potion            |       |     1 |     6 |       ||     7
       Scroll            |       |     8 |     9 |       ||    17
 Stab: Invisible         |       |     1 |       |       ||     1
  Eat: Chunk             |       |     7 |    13 |     2 ||    22
Armor: Scale mail        |    97 |   131 |   247 |    68 ||   543
       Skin              |       |       |    43 |       ||    43
Dodge: Dodged            |    50 |   119 |   216 |    79 ||   464
Block: Shield            |    83 |    52 |       |       ||   135
